 Dungeon Crawl Stone Soup version 0.30-a0-782-ge64f9170bb (webtiles) character file.

Game seed: 10730653271408692610

395 Barriton the Insei (level 6, 0/48 HPs)
             Began as a Draconian Transmuter on Mar 7, 2023.
             Slain by a two-headed ogre
             ... wielding a +0 dire flail
              (23 damage)
             ... on level 6 of the Dungeon.
             The game lasted 00:06:34 (2469 turns).

Barriton the Insei (Draconian Transmuter)           Turns: 2469, Time: 00:06:34

Health: 0/48       AC:  6    Str: 18    XL:     6   Next: 52%
Magic:  0/11       EV: 17    Int: 16    God:
Gold:   191        SH:  0    Dex: 13    Spells: 9/12 levels left

rFire   . . .      SeeInvis .      - Unarmed
rCold   + . .      Faith    .    (no shield)
rNeg    . . .      Spirit   +    (body armour unavailable)
rPois   .          Reflect  .    (helmet currently unavailable)
rElec   .          Harm     .    (no cloak)
rCorr   .          Rampage  .    (no gloves)
Will    .....                    (boots currently unavailable)
Stlth   ++                       f - amulet of Spite {Spirit rC+ Int+2}
HPRegen 0.28/turn                c - +6 ring of strength
MPRegen 0.12/turn                n - +5 ring of evasion

@: appendages, wereblooded (expiring)
A: horns 2, talons 2, AC +6, unfitting armour, cold-blooded
a: End Transformation


You were on level 6 of the Dungeon.
You had temporarily grown beastly horns and talons.
You visited 1 branch of the dungeon, and saw 6 of its levels.

You collected 191 gold pieces.

Inventory:

Missiles
 m - a throwing net
Armour
 e - a +0 pair of boots (melded)
 l - a +0 cloak
Magical Staves
 g - a staff of conjuration
Jewellery
 c - a +6 ring of strength (left hand)
 f - the amulet of Spite (around neck) {Spirit rC+ Int+2}
   (You found it on level 2 of the Dungeon)

   [amulet of guardian spirit]

   It causes incoming damage to be divided between your reserves of health and
   magic.
   Int:       It affects your intelligence (+2).
   rC:        It protects you from cold.
 n - a +5 ring of evasion (right hand)
Wands
 o - a wand of digging (3)
Scrolls
 b - a scroll of teleportation
 i - a scroll of amnesia
 k - 2 scrolls of identify
Potions
 a - a potion of lignification
 d - a potion of degeneration
 h - a potion of flight {unknown}
 j - 2 potions of curing


   Skills:
 + Level 1.7 Fighting
 + Level 2.5 Dodging
 + Level 1.8 Stealth
 + Level 4.9 Unarmed Combat
 + Level 3.6 Spellcasting
 + Level 3.4 Transmutations


You had 9 spell levels left.
You knew the following spells:

 Your Spells              Type           Power      Damage    Failure   Level
a - Beastly Appendage     Tmut           26%        N/A       4%          1
b - Wereblood             Tmut           13%        N/A       7%          2

Your spell library contained the following spells:

 Spells                   Type           Power      Damage    Failure   Level
 Spider Form              Tmut/Pois      8%         N/A       26%         3
 Inner Flame              Hex/Fire       2%         N/A       47%         3
 Ice Form                 Ice/Tmut       8%         N/A       65%         4
 Flame Wave               Conj/Fire      2%         2d4       87%         4
 Sticky Flame             Conj/Fire      2%         2d3       87%         4


Dungeon Overview and Level Annotations

Branches:
Dungeon (7/15)
 Temple: D:4-7

Altars:
Ashenzari
Makhleb
Sif Muna

Annotations:
D:7 Joseph, Menkaure


Innate Abilities, Weirdness & Mutations

You have temporarily grown beastly horns and talons.
Your plain brown scales are hard. (AC +6)
You cannot fit into any form of body armour.
You are cold-blooded and may be slowed by cold attacks.


Message History

Something barely misses you.
You hit something but do no damage. Your headbutt misses something.
You hit something. Your kick misses something. Your headbutt misses something.
Your tail-slap misses something.
Something hits you. Something shocks you.
You punch something! Something hits you. Something shocks you.
You miss something. You claw something. Something hits you but does no damage.
You barely miss something.
Your horns disappear.
Your talons disappear.
Your +0 pair of boots unmelds from your body.
A sky beast appears from thin air!
Reactivating autopickup.
The sky beast hits you but does no damage.
You hit the sky beast.
You feel a bit better.
You kill the sky beast!
You enter the shallow water.
Moving in this stuff is going to be slow.
Found 14 gold pieces.
A kobold comes into view. It is wielding a +0 short sword.
The kobold shouts!
You hear two shouts!
The kobold hits you but does no damage.
You hit the kobold.
You feel a bit better.
You kill the kobold!
A two-headed ogre comes into view.
It is wielding a +0 dire flail and a +0 giant club.
You hit the two-headed ogre but do no damage.
Your primal bloodlust is almost over.
Casting: Wereblood (safe; 7% risk of failure)
Confirm with . or Enter, or press ? or * to list all spells.
You grow a pair of large bovine horns.
Your feet morph into talons.
Your +0 pair of boots melds into your body.
The two-headed ogre hits you with a +0 dire flail!!
The two-headed ogre closely misses you.
A kobold comes into view.
It is wielding a +0 short sword and carrying a wand of iceblast (3).
The kobold shouts!
You hit the two-headed ogre. You claw the two-headed ogre!
You headbutt the two-headed ogre.
You tail-slap the two-headed ogre, but do no damage.
The two-headed ogre is moderately wounded.
The two-headed ogre barely misses you.
The two-headed ogre hits you with a +0 giant club!!
You die...

. .. ## ... ###. .... #..?
..... ##...
......################....
...K....O@~.........>....#
...$...)############.#...#
......#.. ####.#...#
########.# #..[...... ..
#.....#... ... #.....#...
... #.....###. ##..
#......... #........#


You could see a two-headed ogre and a kobold.

Vanquished Creatures
  A sky beast (D:6)
  A kobold brigand (D:6)
  A scorpion (D:6)
  4 gnolls (D:3)
  4 adders
  A worm (D:2)
  5 dart slugs
  2 orcs (D:3)
  3 ball pythons
  3 endoplasms
  10 giant cockroaches
  4 hobgoblins
  4 jackals (D:1)
  10 kobolds
  2 quokkas
  8 bats
  4 frilled lizards
  8 goblins
  5 rats
80 creatures vanquished.

Notes
Turn   | Place    | Note
-------+----------+-------------------------------------------
     0 | D:1      | Barriton the Draconian Transmuter began the quest for the
                  | Orb.
     0 | D:1      | Reached XP level 1. HP: 16/16 MP: 3/3
   125 | D:1      | Reached XP level 2. HP: 23/23 MP: 3/5
   151 | D:1      | Learned a level 2 spell: Wereblood
   515 | D:1      | Reached XP level 3. HP: 23/28 MP: 4/6
   733 | D:2      | Identified the +1 ring mail of the Forgotten Dreams {rN+}
   952 | D:2      | Identified the amulet of Spite {Spirit rC+ Int+2}
  1194 | D:2      | Found a shimmering blue altar of Sif Muna.
  1273 | D:2      | Reached XP level 4. HP: 34/35 MP: 4/8
  1545 | D:3      | Found a burning altar of Makhleb.
  1545 | D:3      | Noticed a cacodemon
  1618 | D:3      | Reached skill level 1 in Stealth
  1798 | D:3      | Reached XP level 5. HP: 14/40 MP: 1/9
  1803 | D:3      | Reached skill level 4 in Unarmed Combat
  2248 | D:4      | You fall into a shaft and drop 3 floors!
  2250 | D:7      | Noticed Joseph
  2267 | D:7      | Noticed Menkaure
  2310 | D:6      | Reached XP level 6. HP: 39/48 MP: 6/11
  2376 | D:6      | Found a broken altar of Ashenzari.
  2440 | D:6      | Noticed a sky beast
  2459 | D:6      | Killed a sky beast
  2463 | D:6      | Noticed a two-headed ogre
  2469 | D:6      | Slain by a two-headed ogre

Illustrated notes

Levels and vault maps discovered:
D:1:      mrwooster_arrival_statue_3, layout_rooms
D:2:      minmay_roachtagon, layout_rooms, basic_altar, minmay_misc_feat_rows,
          minmay_tetromino_i2
D:3:      layout_rooms, makhleb_altar_promises_db
D:4:      layout_basic, mainiacjoe_overflow_small_starburst,
          gammafunk_ghost_grave, minivault_1
D:6:      layout_basic, ashenzari_conservatory_becter,
          minmay_temple_entry_ruins, uniq_grinder, uniq_sigmund
D:7:      layout_rooms, enter_ossuary_2, uniq_crazy_yiuf_cottage, uniq_joseph,
          uniq_menkaure

Skill      XL: |  1  2  3  4  5 |
---------------+----------------+-----
Dodging        | 2 |  2.5
Stealth        | 1 |  1.8
Spellcasting   | 3 |  3.6
Unarmed Combat | 4 |  4.9
Transmutations | 3 |  3.4
Fighting       | |  1.7

Action                     |  1- 3 |  4- 6 || total
---------------------------+-------+-------++-------
  Melee: Unarmed           |   115 |    90 ||   205
         Headbutt          |    14 |    11 ||    25
         Kick              |    22 |    20 ||    42
         Tailslap          |    13 |    10 ||    23
         Punch             |       |     1 ||     1
   Cast: Beastly Appendage |    24 |    17 ||    41
         Wereblood         |     2 |     3 ||     5
    Use: Scroll            |     6 |     6 ||    12
   Stab: Sleeping          |     2 |     2 ||     4
 Armour: Skin              |    22 |    19 ||    41
  Dodge: Dodged            |    77 |    59 ||   136

Table legend: (Time is in decaauts)
 A = Elapsed time spent in this place.
 B = Non-inter-level travel time spent in this place.
 C = Inter-level travel time spent in this place.
 D = Time resting spent in this place.
 E = Time spent auto-exploring this place.
 F = Levels seen in this place.
 G = Mean time per level.
                   A        B        C        D        E       F      G
               +--------+--------+--------+--------+--------+-----+--------+
         Total |   2456 |   2334 |    122 |     38 |   1697 |   6 |  409.3 |
       Dungeon |   2456 |   2334 |    122 |     38 |   1697 |   6 |  409.3 |
               +--------+--------+--------+--------+--------+-----+--------+

Top non-repeatable levels by time:
     D:2: 756 daAuts
     D:1: 706 daAuts
     D:3: 698 daAuts
     D:6: 189 daAuts
     D:4: 76 daAuts
     D:7: 28 daAuts
